 Dungeon Crawl Stone Soup version 0.23.2-1-ga50397a (webtiles) character file.

Game seed: 10640312311556871238

573 kae the Changer (level 7, -7/48 HPs)
             Began as a Demonspawn Transmuter on Apr 14, 2019.
             Mangled by an orc warrior
             ... wielding a +0 hand axe
              (10 damage)
             ... on level 4 of the Dungeon.
             The game lasted 00:03:29 (3443 turns).

kae the Changer (Demonspawn Transmuter)             Turns: 3443, Time: 00:03:30

Health: -7/48      AC:  2    Str: 14    XL:     7   Next: 12%
Magic:  1/10       EV: 19    Int: 19    God:
Gold:   119        SH:  0    Dex: 20    Spells: 4/10 levels left

rFire    . . .     SeeInvis .     - Unarmed
rCold    . . .     Gourm    .   (shield currently unavailable)
rNeg     . . .     Faith    .   (armour currently unavailable)
rPois    x         Spirit   .   (helmet currently unavailable)
rElec    .         Reflect  .   (cloak currently unavailable)
rCorr    .         Harm     .   (gloves currently unavailable)
MR       .....                  (boots currently unavailable)
Stlth    ++........             (no amulet)
HPRegen  0.16/turn              q - +5 ring of intelligence
MPRegen  0.12/turn              j - +3 ring of strength

@: spider-form (expiring)
A: tiny
a: End Transformation


You were on level 4 of the Dungeon.
You were not hungry.
You were a venomous arachnid creature.
You visited 1 branch of the dungeon, and saw 4 of its levels.

You collected 119 gold pieces.

Inventory:

Missiles
 a - 16 arrows
Armour
 b - a +0 robe (melded)
 k - a +1 hat (melded)
Jewellery
 e - an uncursed ring of flight
 j - a +3 ring of strength (right front leg)
 q - a +5 ring of intelligence (left front leg)
Wands
 m - a wand of scattershot (5)
Scrolls
 c - 2 scrolls of amnesia
 i - 6 scrolls of teleportation
 p - a scroll of identify
 r - a scroll of remove curse
Potions
 g - a potion of curing
 h - 2 potions of invisibility
 l - a potion of degeneration
 n - a potion of ambrosia
 o - a potion of heal wounds
Comestibles
 d - 5 rations


   Skills:
 - Level 1.0 Fighting
 - Level 1.7 Dodging
 - Level 2.6 Unarmed Combat
 - Level 2.0 Spellcasting
 + Level 7.2 Transmutations


You had 4 spell levels left.
You knew the following spells:

 Your Spells              Type           Power        Failure   Level  Hunger
a - Beastly Appendage     Tmut           ####..       4%          1    #......
b - Sticks to Snakes      Tmut           ####....     6%          2    ###....
c - Spider Form           Tmut/Pois      ###.......   28%         3    ###....

Your spell library contained the following spells:

 Spells                   Type           Power        Failure   Level  Hunger
 Ice Form                 Ice/Tmut       ###.....     58%         4    #####..
 Blade Hands              Tmut           ####......   45%         5    ######.


Dungeon Overview and Level Annotations

Branches:
Dungeon (4/15)
 Temple: D:4-7

Altars:
Okawaru
Uskayaw


Innate Abilities, Weirdness & Mutations

((You have a pair of small antennae on your head.))
((You have very sharp fingernails.))
((You have large cloven feet.))
((Your flesh is cold resistant. (rC+)))


Message History

Your ball python dies!
You hit the orc warrior.
The orc warrior is poisoned.
The orc warrior is lightly wounded.
The orc warrior completely misses you.
You barely miss the orc warrior.
The orc warrior is lightly wounded.
The orc warrior hits you with a +0 hand axe!
You hit the orc warrior but do no damage.
The orc warrior is lightly wounded.
Your transformation is almost over.
The orc warrior barely misses you.
You bite the orc warrior!
The orc warrior is heavily wounded.
The orc warrior hits you with a +0 hand axe!
* * * LOW HITPOINT WARNING * * *
You hit the orc warrior.
The orc warrior looks as sick as possible!
The orc warrior is heavily wounded.
The orc warrior hits you with a +0 hand axe!
You die...

....#
#.##..........#
#...#
#.##.......)..#
#...#
#.#####.####.##
#...# #.# #.#
#.# #. ....#
#.# #.# #.# .<
#.### #.# #.#
.. #.#
#####.####.# ..
.#
...........##
.. ###..so...#
##.. #######.#
#...
#.#########†##
#.##..........
#.##.8.......8
#.##..........
#....8.......8
#.#)....%)!.(.
#.##.8..._...8


You could see an orc warrior.

Vanquished Creatures
  Grinder (D:4)
  Blork the orc (D:4)
  A howler monkey (D:4)
  A hound (D:4)
  2 orc priests (D:4)
  An orc wizard (D:4)
  2 worker ants (D:4)
  A howler monkey skeleton (D:4)
  2 adders (D:4)
  2 oozes
  An adder skeleton (D:4)
  A worm (D:2)
  4 leopard geckos
  5 orcs
  8 bats
  5 goblins
  6 hobgoblins
  4 quokkas (D:3)
  2 frilled lizards
  8 kobolds
  A quokka skeleton (D:4)
  7 rats
66 creatures vanquished.

Vanquished Creatures (collateral kills)
  An adder (D:3)
  An ooze (D:2)
  A worm (D:2)
  A giant cockroach (D:3)
  2 kobolds (D:2)
  A frilled lizard (D:2)
7 creatures vanquished.

Grand Total: 73 creatures vanquished

Notes
Turn   | Place    | Note
-------+----------+-------------------------------------------
     0 | D:1      | kae the Demonspawn Transmuter began the quest for the Orb.
     0 | D:1      | Reached XP level 1. HP: 15/15 MP: 3/3
    98 | D:1      | Reached skill level 2 in Transmutations
   781 | D:1      | Gained mutation: You have a pair of small antennae on your
                  | head. [demonic ancestry]
   781 | D:1      | Reached XP level 2. HP: 18/21 MP: 3/5
  1367 | D:2      | Learned a level 2 spell: Sticks to Snakes
  1484 | D:2      | Reached skill level 3 in Transmutations
  1545 | D:2      | Gained mutation: You have sharp fingernails. [demonic
                  | ancestry]
  1545 | D:2      | Reached XP level 3. HP: 9/26 MP: 4/6
  2257 | D:3      | Found an iron altar of Okawaru.
  2364 | D:3      | Reached XP level 4. HP: 30/32 MP: 7/7
  2379 | D:3      | Reached skill level 4 in Transmutations
  2621 | D:3      | Learned a level 3 spell: Spider Form
  2995 | D:4      | Gained mutation: Your flesh is cold resistant. (rC+)
                  | [demonic ancestry]
  2995 | D:4      | Reached XP level 5. HP: 25/37 MP: 4/8
  3110 | D:4      | Reached skill level 5 in Transmutations
  3117 | D:4      | Noticed Grinder
  3127 | D:4      | Killed Grinder
  3127 | D:4      | Reached skill level 6 in Transmutations
  3127 | D:4      | Gained mutation: You have very sharp fingernails. [demonic
                  | ancestry]
  3127 | D:4      | Reached XP level 6. HP: 43/43 MP: 2/9
  3297 | D:4      | Noticed Blork the orc
  3303 | D:4      | Found a hide-covered altar of Uskayaw.
  3311 | D:4      | Killed Blork the orc
  3382 | D:4      | Reached skill level 7 in Transmutations
  3382 | D:4      | Gained mutation: You have large cloven feet. [demonic
                  | ancestry]
  3382 | D:4      | Reached XP level 7. HP: 26/48 MP: 6/10
  3442 | D:4      | HP: 2/48 [orc warrior/+0 hand axe (17)]
  3443 | D:4      | Mangled by an orc warrior

Skill      XL: |  1  2  3  4  5  6 |
---------------+-------------------+-----
Transmutations | 2 3 4 6 7 |  7.2
Fighting       | |  1.0
Dodging        | |  1.7
Unarmed Combat | |  2.6
Spellcasting   | |  2.0

Action                   |  1- 3 |  4- 6 |  7- 9 || total
-------------------------+-------+-------+-------++-------
Melee: Unarmed           |   127 |   100 |    15 ||   242
       Kick              |    12 |     5 |       ||    17
       Headbutt          |     1 |       |       ||     1
       Punch             |     1 |     2 |       ||     3
 Cast: Beastly Appendage |    12 |     3 |       ||    15
       Sticks to Snakes  |     5 |       |     4 ||     9
       Spider Form       |       |     7 |     1 ||     8
  Use: Scroll            |    10 |     3 |       ||    13
       Potion            |       |     2 |       ||     2
 Stab: Sleeping          |     1 |       |       ||     1
  Eat: Chunk             |     5 |     5 |       ||    10
Armor: Robe              |    32 |     9 |       ||    41
       Skin              |       |     1 |       ||     1
Dodge: Dodged            |    84 |    66 |    11 ||   161
